Detroit Red Wings vs Hartford Whalers
Created - Friday, October 18, 2024 at 08:28
Goals
|
| Detroit Red Wings |
2 |
1 |
1 |
1 |
5 |
| Hartford Whalers |
2 |
0 |
2 |
0 |
4 |
|
Shots
|
| Detroit Red Wings |
12 |
13 |
7 |
2 |
34 |
| Hartford Whalers |
14 |
8 |
17 |
7 |
46 |
|
1st period
1. Hartford Whalers , Joshua Norris 8 (Charlie McAvoy 17) at 4:12 (PP)
2. Hartford Whalers , Joshua Norris 9 (Nick Suzuki 30, Anthony Cirelli 16) at 8:26
3. Detroit Red Wings , Patrick Kane 15 (Shayne Gostisbehere 15, Jared McCann 20) at 18:34
4. Detroit Red Wings , Matthew Boldy 19 (Shayne Gostisbehere 16, Mika Zibanejad 31) at 19:37
Penalties :
Mika Zibanejad (DET) for Roughing (Minor) at 2:48, Kaiden Guhle (HFD) for Hooking (Minor) at 10:22
2nd period
5. Detroit Red Wings , Carter Verhaeghe 15 (Matthew Boldy 28, Shayne Gostisbehere 17) at 8:52 (PP)
Penalties :
Nick Suzuki (HFD) for Holding (Minor) at 8:40, Anthony Cirelli (HFD) for Roughing (Minor) at 12:29, Zach Bogosian (DET) for Tripping (Minor) at 16:01
3rd period
6. Hartford Whalers , Joshua Norris 10 (Charlie McAvoy 18, Kaapo Kakko 7) at 5:53 (PP)
7. Detroit Red Wings , Kevin Stenlund 3 (Jared McCann 21, Kevin Shattenkirk 11) at 7:23 (SH)
8. Hartford Whalers , Anthony Cirelli 8 (Tomas Tatar 9, Torey Krug 12) at 18:49
Penalties :
Keegan Kolesar (DET) for Hooking (Minor) at 0:59, Brendan Gallagher (DET) for Holding (Minor) at 4:33, MacKenzie Weegar (DET) for Slashing (Minor) at 6:35
Overtime #1
9. Detroit Red Wings , Raphael Lavoie 4 (Christian Fischer 7, Zachary Werenski 11) at 1:38
Penalties :
No Penalty
Goalie Stats
Calvin Pickard (DET), 42 saves from 46 shots - (0.913), W, 12-4-4, 61:38 minutes
Anton Forsberg (HFD), 29 saves from 34 shots - (0.853), OTL, 6-8-2, 61:30 minutes
Players Stats for Detroit Red Wings
Player Name G A P +/- PIM S H SB GA TA FO MP PP MP PK MP
------------------------------------------------------------------------------------
Brendan Gallagher 0 0 0 0 2 0 0 0 0 0 0/0 6:06 0:00 0:00
Carter Verhaeghe 1 0 1 -1 0 3 0 1 1 0 1/1 18:11 2:02 0:00
Christian Fischer 0 1 1 1 0 1 0 1 0 0 0/0 10:17 0:00 0:00
Daniel Sprong 0 0 0 0 0 0 0 0 2 0 1/1 10:47 0:00 0:42
Jared McCann 0 2 2 1 0 1 1 1 1 0 0/3 21:42 2:08 4:28
Keegan Kolesar 0 0 0 1 2 1 0 0 1 0 0/0 9:16 0:00 2:54
Kevin Shattenkirk 0 1 1 0 0 0 0 0 0 0 0/0 17:41 2:12 5:18
Kevin Stenlund 1 0 1 1 0 2 2 0 2 2 2/6 10:14 0:00 3:54
MacKenzie Weegar 0 0 0 1 2 4 2 3 0 3 0/0 27:31 1:58 3:02
Matthew Boldy 1 1 2 -1 0 6 0 1 0 0 0/0 17:29 2:02 0:00
Mika Zibanejad 0 1 1 -1 2 3 1 0 0 0 15/30 22:43 2:02 3:35
Patrick Kane 1 0 1 1 0 2 1 1 0 0 0/1 16:52 2:08 0:00
Philippe Myers 0 0 0 -1 0 0 0 0 0 0 0/0 9:50 0:00 0:00
Raphael Lavoie 1 0 1 1 0 1 0 0 0 0 5/8 10:17 0:00 0:00
Shayne Gostisbehere 0 3 3 1 0 2 0 3 1 1 0/0 22:15 2:12 1:09
Steven Stamkos 0 0 0 1 0 5 1 0 0 0 12/28 19:44 2:08 1:49
Zach Bogosian 0 0 0 2 2 1 1 2 0 0 0/0 20:47 0:00 3:36
Zachary Werenski 0 1 1 1 0 2 0 0 0 0 0/0 26:04 1:58 4:17
Players Stats for Hartford Whalers
Player Name G A P +/- PIM S H SB GA TA FO MP PP MP PK MP
------------------------------------------------------------------------------------
Alec Martinez 0 0 0 1 0 1 0 1 0 0 0/0 14:09 0:00 0:00
Anthony Cirelli 1 1 2 -1 2 3 1 0 1 0 3/4 21:46 4:11 0:57
Charlie McAvoy 0 2 2 -3 0 3 4 3 1 2 0/0 24:38 5:00 2:24
Josh Anderson 0 0 0 0 0 0 0 1 0 0 0/4 3:40 0:00 0:00
Joshua Norris 3 0 3 0 0 7 1 0 0 0 5/7 17:44 4:08 0:00
Kaapo Kakko 0 1 1 0 0 3 0 0 1 0 2/2 17:33 4:20 0:57
Kaiden Guhle 0 0 0 1 2 0 0 0 0 1 0/0 14:10 0:00 0:00
Lukas Reichel 0 0 0 0 0 0 0 0 0 0 0/0 7:26 0:00 0:00
Matthew Coronato 0 0 0 0 0 0 1 0 0 0 0/0 7:26 0:00 0:00
Miles Wood 0 0 0 0 0 3 1 0 0 1 0/1 14:34 0:06 0:11
Morgan Frost 0 0 0 -1 0 4 1 0 1 0 7/14 20:29 4:11 2:05
Nick Suzuki 0 1 1 -2 2 8 1 1 1 0 23/31 20:32 4:15 2:05
Ryan McDonagh 0 0 0 -3 0 1 6 1 0 1 0/0 24:38 5:00 2:24
Ryan Suter 0 0 0 0 0 2 1 2 0 2 0/0 22:51 3:41 1:46
T.J. Oshie 0 0 0 0 0 2 2 1 0 0 0/0 14:40 0:10 0:00
Taylor Hall 0 0 0 -1 0 3 0 0 0 0 2/13 16:38 0:22 2:05
Tomas Tatar 0 1 1 0 0 6 2 1 1 0 0/2 16:34 4:20 0:00
Torey Krug 0 1 1 0 0 0 0 0 0 1 0/0 22:51 3:41 1:46
3 Stars
1 - Joshua Norris (HFD)
2 - Shayne Gostisbehere (DET)
3 - Kevin Stenlund (DET)
Power Play
Detroit Red Wings - 1 on 3 Attempt(s) - 33.33%
Hartford Whalers - 2 on 5 Attempt(s) - 40.00%
Penalty Kill
Detroit Red Wings - 3 on 5 Attempt(s) - 60.00%
- Score 1 goal in Penalty Kill
Hartford Whalers - 2 on 3 Attempt(s) - 66.67%
- Score 0 goal in Penalty Kill
Team Stat
Detroit Red Wings - Hits : 9 - Faceoff Wins : 36 - Blocked Shots : 13 - Penalty Minutes : 10
Hartford Whalers - Hits : 21 - Faceoff Wins : 42 - Blocked Shots : 11 - Penalty Minutes : 6
Official
Referees : Tj Luxmore and Morgan Macphee
Linesman : Devin Berg and Dan Kelly
Game Notes
Josh Anderson is injured at 18:15 of 1st period (Right Leg)
Joshua Norris has scored a Hat Trick!
Finance
Level 1 -- Attendance: 5426 (54.26%) -- Ticket Income $488,340
Level 2 -- Attendance: 4430 (88.60%) -- Ticket Income $243,650
Level 3 -- Attendance: 2837 (94.57%) -- Ticket Income $85,110
Level 4 -- Attendance: 4747 (94.94%) -- Ticket Income $94,940
Luxury Box -- Attendance: 930 (93.00%) -- Ticket Income $176,700
Game was played at the Hartford Civic Center.
Total Attendance: 18370 (76.54%)
Total Ticket Income: $1,088,740
Other Income: $381,059
Total Income: $1,469,799
Detroit Red Wings
5 vs 5 Forward
Center Left Wing Right Wing Time % Phy DF OF
1 Steven Stamkos Jared McCann Patrick Kane 35 1 2 2
2 Mika Zibanejad Carter Verhaeghe Matthew Boldy 35 1 2 2
3 Raphael Lavoie Daniel Sprong Christian Fischer 20 1 2 2
4 Kevin Stenlund Brendan Gallagher Keegan Kolesar 10 2 2 1
5 vs 5 Defense
Defense Defense Time % Phy DF OF
1 Zachary Werenski MacKenzie Weegar 40 1 2 2
2 Zach Bogosian Shayne Gostisbehere 30 1 2 2
3 Philippe Myers Kevin Shattenkirk 20 3 1 1
4 Shayne Gostisbehere MacKenzie Weegar 10 1 2 2
PowerPlay Forward
Center Left Wing Right Wing Time % Phy DF OF
1 Steven Stamkos Jared McCann Patrick Kane 50 1 2 2
2 Mika Zibanejad Carter Verhaeghe Matthew Boldy 50 1 2 2
PowerPlay Defense
Defense Defense Time % Phy DF OF
1 Zachary Werenski MacKenzie Weegar 50 2 2 1
2 Shayne Gostisbehere Kevin Shattenkirk 50 2 2 1
Penalty Kill 4 Players Forward
Center Wing Time % Phy DF OF
1 Mika Zibanejad Jared McCann 50 2 2 1
2 Kevin Stenlund Keegan Kolesar 50 2 2 1
Penalty Kill 4 Players Defense
Defense Defense Time % Phy DF OF
1 Zach Bogosian MacKenzie Weegar 50 2 2 1
2 Zachary Werenski Kevin Shattenkirk 50 2 2 1
Penalty Kill - 3 Players Forward
Forward Time % Phy DF OF
1 Mika Zibanejad 50 1 2 2
2 Steven Stamkos 50 1 2 2
Penalty Kill - 3 Players Defense
Defense Defense Time % Phy DF OF
1 Zach Bogosian MacKenzie Weegar 50 1 2 2
2 Zachary Werenski Kevin Shattenkirk 50 2 2 1
4 vs 4 Forward
Center Wing Time % Phy DF OF
1 Mika Zibanejad Carter Verhaeghe 60 1 2 2
2 Steven Stamkos Matthew Boldy 40 1 1 3
4 vs 4 Defense
Defense Defense Time % Phy DF OF
1 Zachary Werenski MacKenzie Weegar 60 1 2 2
2 Zach Bogosian Shayne Gostisbehere 40 1 2 2
Last Minutes Offensive
Center Left Wing Right Wing Defense Defense
Mika Zibanejad Carter Verhaeghe Matthew Boldy Zachary Werenski MacKenzie Weegar
Last Minutes Defensive
Center Left Wing Right Wing Defense Defense
Mika Zibanejad Carter Verhaeghe Matthew Boldy Zachary Werenski MacKenzie Weegar
Goaltenders
Starting : Calvin Pickard
Backup : Vitek Vanecek
Extra Forwards
Normal : Raphael Lavoie, Christian Fischer, Daniel Sprong - PP : Kevin Stenlund, Daniel Sprong - PK : Steven Stamkos
Extra Defensemen
Normal : Kevin Shattenkirk, Shayne Gostisbehere, Zachary Werenski - PP : Kevin Shattenkirk - PK : Kevin Shattenkirk, Shayne Gostisbehere
Penalty Shots
Mika Zibanejad, Steven Stamkos, Matthew Boldy, Carter Verhaeghe, Jared McCann
Scratches
Jackson LaCombe (Groin Injury), Alexander Barabanov (Healthy), Laurent Brossoit (Back Injury)
Hartford Whalers
5 vs 5 Forward
Center Left Wing Right Wing Time % Phy DF OF
1 Nick Suzuki Anthony Cirelli Joshua Norris 30 1 2 2
2 Morgan Frost T.J. Oshie Miles Wood 30 1 2 2
3 Josh Anderson Kaapo Kakko Tomas Tatar 25 1 2 2
4 Taylor Hall Lukas Reichel Matthew Coronato 15 1 2 2
5 vs 5 Defense
Defense Defense Time % Phy DF OF
1 Charlie McAvoy Ryan McDonagh 35 1 2 2
2 Torey Krug Ryan Suter 35 1 2 2
3 Kaiden Guhle Alec Martinez 30 1 2 2
4 Charlie McAvoy Ryan McDonagh 0 1 2 2
PowerPlay Forward
Center Left Wing Right Wing Time % Phy DF OF
1 Nick Suzuki Anthony Cirelli Morgan Frost 50 1 2 2
2 Joshua Norris Kaapo Kakko Tomas Tatar 50 1 2 2
PowerPlay Defense
Defense Defense Time % Phy DF OF
1 Charlie McAvoy Ryan McDonagh 50 1 2 2
2 Torey Krug Ryan Suter 50 1 2 2
Penalty Kill 4 Players Forward
Center Wing Time % Phy DF OF
1 Nick Suzuki Anthony Cirelli 50 1 2 2
2 Taylor Hall Morgan Frost 50 1 2 2
Penalty Kill 4 Players Defense
Defense Defense Time % Phy DF OF
1 Charlie McAvoy Ryan McDonagh 50 1 2 2
2 Torey Krug Ryan Suter 50 1 2 2
Penalty Kill - 3 Players Forward
Forward Time % Phy DF OF
1 Nick Suzuki 50 1 2 2
2 Anthony Cirelli 50 1 2 2
Penalty Kill - 3 Players Defense
Defense Defense Time % Phy DF OF
1 Charlie McAvoy Ryan McDonagh 50 1 2 2
2 Torey Krug Ryan Suter 50 1 2 2
4 vs 4 Forward
Center Wing Time % Phy DF OF
1 Nick Suzuki Anthony Cirelli 50 1 2 2
2 Joshua Norris Morgan Frost 50 1 2 2
4 vs 4 Defense
Defense Defense Time % Phy DF OF
1 Charlie McAvoy Ryan McDonagh 50 1 2 2
2 Torey Krug Ryan Suter 50 1 2 2
Last Minutes Offensive
Center Left Wing Right Wing Defense Defense
Nick Suzuki Anthony Cirelli Joshua Norris Charlie McAvoy Ryan McDonagh
Last Minutes Defensive
Center Left Wing Right Wing Defense Defense
Nick Suzuki Anthony Cirelli Joshua Norris Charlie McAvoy Ryan McDonagh
Goaltenders
Starting : Anton Forsberg
Backup : Spencer Knight
Extra Forwards
Normal : Tomas Tatar, Taylor Hall, Kaapo Kakko - PP : Tomas Tatar, Taylor Hall - PK : Kaapo Kakko
Extra Defensemen
Normal : Ryan McDonagh, Charlie McAvoy, Torey Krug - PP : Charlie McAvoy - PK : Charlie McAvoy, Torey Krug
Penalty Shots
Nick Suzuki, Anthony Cirelli, Taylor Hall, Morgan Frost, T.J. Oshie
Scratches
Braden Schneider (Healthy)
% Time on Ice - Detroit Red Wings
Lines # - Real PCT - Wanted PCT - Time Play
Normal Forward
1 - 34% - 35% - 15:50
2 - 32% - 35% - 15:07
3 - 21% - 20% - 10:05
4 - 13% - 10% - 6:07
Normal Defense
1 - 43% - 40% - 20:14
2 - 31% - 30% - 14:38
3 - 21% - 20% - 9:50
4 - 5% - 10% - 2:27
PP Forward
1 - 51% - 50% - 2:08
2 - 49% - 50% - 2:02
PP Defense
1 - 47% - 50% - 1:58
2 - 53% - 50% - 2:12
PK Forward
1 - 53% - 50% - 4:34
2 - 47% - 50% - 4:07
PK Defense
1 - 56% - 50% - 4:52
2 - 44% - 50% - 3:49
PK3 Forward
1 - 0% - 50%
2 - 0% - 50%
PK3 Defense
1 - 0% - 50%
2 - 0% - 50%
44 Forward
1 - 78% - 60% - 1:16
2 - 22% - 40% - 0:22
44 Defense
1 - 56% - 60% - 0:55
2 - 44% - 40% - 0:43
Last Minute Offensive - 0:00
Last Minute Defensive - 0:00
Total
Forward - 61:38
Defense - 61:38
|
% Time on Ice - Hartford Whalers
Lines # - Real PCT - Wanted PCT - Time Play
Normal Forward
1 - 28% - 30% - 13:07
2 - 31% - 30% - 14:23
3 - 26% - 25% - 12:13
4 - 16% - 15% - 7:26
Normal Defense
1 - 35% - 35% - 16:19
2 - 35% - 35% - 16:41
3 - 30% - 30% - 14:09
4 - 0% - 0% - 0:00
PP Forward
1 - 49% - 50% - 4:15
2 - 51% - 50% - 4:26
PP Defense
1 - 58% - 50% - 5:00
2 - 42% - 50% - 3:41
PK Forward
1 - 50% - 50% - 2:05
2 - 50% - 50% - 2:05
PK Defense
1 - 58% - 50% - 2:24
2 - 42% - 50% - 1:46
PK3 Forward
1 - 0% - 50%
2 - 0% - 50%
PK3 Defense
1 - 0% - 50%
2 - 0% - 50%
44 Forward
1 - 56% - 50% - 0:55
2 - 44% - 50% - 0:43
44 Defense
1 - 56% - 50% - 0:55
2 - 44% - 50% - 0:43
Last Minute Offensive - 0:00
Last Minute Defensive - 0:00
Total
Forward - 61:38
Defense - 61:38
|
Play-by-Play
1st period
0:01 of 1st period - Nick Suzuki wins face-off versus Steven Stamkos in neutral zone.
0:11 of 1st period - Icing by Steven Stamkos.
0:12 of 1st period - Morgan Frost wins face-off versus Steven Stamkos in Detroit Red Wings zone.
0:37 of 1st period - Snap shot by Steven Stamkos.
0:37 of 1st period - Shot Misses the Net.
0:39 of 1st period - Slapshot by Zachary Werenski.
0:39 of 1st period - Stopped by Anton Forsberg without a rebound.
0:40 of 1st period - Kaapo Kakko wins face-off versus Mika Zibanejad in Hartford Whalers zone.
0:46 of 1st period - Off-side.
0:47 of 1st period - Mika Zibanejad wins face-off versus Josh Anderson in neutral zone.
0:52 of 1st period - Slapshot by Matthew Boldy.
0:52 of 1st period - Stopped by Anton Forsberg without a rebound.
0:53 of 1st period - Raphael Lavoie wins face-off versus Taylor Hall in Hartford Whalers zone.
1:18 of 1st period - Mika Zibanejad is hit by Charlie McAvoy and loses puck.
1:23 of 1st period - Snap shot by Nick Suzuki.
1:23 of 1st period - Shot Misses the Net.
2:32 of 1st period - Snap shot by Steven Stamkos.
2:32 of 1st period - Stopped by Anton Forsberg without a rebound.
2:33 of 1st period - Nick Suzuki wins face-off versus Mika Zibanejad in Hartford Whalers zone.
2:33 of 1st period - Nick Suzuki is hit by MacKenzie Weegar.
2:48 of 1st period - Minor Penalty to Mika Zibanejad for Roughing.
2:49 of 1st period - Steven Stamkos wins face-off versus Nick Suzuki in Detroit Red Wings zone.
3:15 of 1st period - Zach Bogosian is hit by Joshua Norris.
3:23 of 1st period - Wrist shot by Steven Stamkos.
3:23 of 1st period - Stopped by Anton Forsberg without a rebound.
3:24 of 1st period - Nick Suzuki wins face-off versus Kevin Stenlund in Hartford Whalers zone.
3:56 of 1st period - Off-side.
3:57 of 1st period - Joshua Norris wins face-off versus Kevin Stenlund in neutral zone.
4:12 of 1st period - Wrist shot by Joshua Norris.
4:12 of 1st period - Goal by Joshua Norris - Detroit Red Wings : 0 - Hartford Whalers : 1.
4:13 of 1st period - Morgan Frost wins face-off versus Mika Zibanejad in neutral zone.
4:48 of 1st period - Wrist shot by Matthew Boldy.
4:48 of 1st period - Shot Blocked by Ryan McDonagh.
4:50 of 1st period - Slapshot by MacKenzie Weegar.
4:50 of 1st period - Stopped by Anton Forsberg without a rebound.
4:51 of 1st period - Nick Suzuki wins face-off versus Jared McCann in Hartford Whalers zone.
5:24 of 1st period - Wrist shot by Tomas Tatar.
5:24 of 1st period - Shot Blocked by Shayne Gostisbehere.
5:26 of 1st period - Snap shot by Kaapo Kakko.
5:26 of 1st period - Stopped by Calvin Pickard with a rebound.
6:06 of 1st period - Slapshot by Mika Zibanejad.
6:06 of 1st period - Stopped by Anton Forsberg without a rebound.
6:07 of 1st period - Nick Suzuki wins face-off versus Patrick Kane in Hartford Whalers zone.
6:22 of 1st period - Snap shot by Steven Stamkos.
6:22 of 1st period - Stopped by Anton Forsberg without a rebound.
6:23 of 1st period - Mika Zibanejad wins face-off versus Josh Anderson in Hartford Whalers zone.
8:26 of 1st period - Snap shot by Joshua Norris.
8:26 of 1st period - Deflect By MacKenzie Weegar.
8:26 of 1st period - Goal by Joshua Norris - Detroit Red Wings : 0 - Hartford Whalers : 2.
8:27 of 1st period - Steven Stamkos wins face-off versus Nick Suzuki in neutral zone.
9:24 of 1st period - Snap shot by Keegan Kolesar.
9:24 of 1st period - Stopped by Anton Forsberg without a rebound.
9:25 of 1st period - Steven Stamkos wins face-off versus Taylor Hall in Hartford Whalers zone.
9:50 of 1st period - Shayne Gostisbehere is hit by Ryan McDonagh and loses puck.
10:22 of 1st period - Minor Penalty to Kaiden Guhle for Hooking.
10:23 of 1st period - Nick Suzuki wins face-off versus Steven Stamkos in Hartford Whalers zone.
10:26 of 1st period - Off-side.
10:27 of 1st period - Nick Suzuki wins face-off versus Steven Stamkos in neutral zone.
10:42 of 1st period - Snap shot by Steven Stamkos.
10:42 of 1st period - Shot Misses the Net.
10:52 of 1st period - Slapshot by Charlie McAvoy.
10:52 of 1st period - Stopped by Calvin Pickard with a rebound.
12:22 of 1st period - Penalty to Kaiden Guhle is over, Kaiden Guhle is back on ice.
12:49 of 1st period - Kevin Stenlund is hit by Miles Wood and loses puck.
13:24 of 1st period - Icing by Zachary Werenski.
13:25 of 1st period - Kevin Stenlund wins face-off versus Josh Anderson in Detroit Red Wings zone.
13:25 of 1st period - Kevin Stenlund is hit by Ryan Suter.
13:37 of 1st period - Matthew Boldy is hit by Matthew Coronato.
13:57 of 1st period - Snap shot by Taylor Hall.
13:57 of 1st period - Stopped by Calvin Pickard with a rebound.
13:59 of 1st period - Slapshot by Ryan Suter.
13:59 of 1st period - Deflect By Joshua Norris.
13:59 of 1st period - Stopped by Calvin Pickard with a rebound.
14:01 of 1st period - Snap shot by Nick Suzuki.
14:01 of 1st period - Stopped by Calvin Pickard with a rebound.
14:03 of 1st period - Slapshot by Nick Suzuki.
14:03 of 1st period - Stopped by Calvin Pickard without a rebound.
14:04 of 1st period - Nick Suzuki wins face-off versus Steven Stamkos in Detroit Red Wings zone.
14:09 of 1st period - Slapshot by Nick Suzuki.
14:09 of 1st period - Stopped by Calvin Pickard without a rebound.
14:10 of 1st period - Morgan Frost wins face-off versus Steven Stamkos in Detroit Red Wings zone.
14:19 of 1st period - Snap shot by T.J. Oshie.
14:19 of 1st period - Stopped by Calvin Pickard without a rebound.
14:20 of 1st period - Mika Zibanejad wins face-off versus Morgan Frost in Detroit Red Wings zone.
14:47 of 1st period - Carter Verhaeghe is hit by T.J. Oshie and loses puck.
14:54 of 1st period - Snap shot by T.J. Oshie.
14:54 of 1st period - Shot Blocked by MacKenzie Weegar.
14:56 of 1st period - Snap shot by T.J. Oshie.
14:56 of 1st period - Shot Blocked by MacKenzie Weegar.
14:58 of 1st period - Backhand shot by Miles Wood.
14:58 of 1st period - Shot Misses the Net.
15:06 of 1st period - Wrist shot by Miles Wood.
15:06 of 1st period - Deflect By Morgan Frost.
15:06 of 1st period - Shot Misses the Net.
15:06 of 1st period - Puck is out of play.
15:07 of 1st period - Nick Suzuki wins face-off versus Steven Stamkos in Detroit Red Wings zone.
15:10 of 1st period - Slapshot by Anthony Cirelli.
15:10 of 1st period - Deflect By Nick Suzuki.
15:10 of 1st period - Shot Misses the Net.
15:10 of 1st period - Puck is out of play.
15:11 of 1st period - Nick Suzuki wins face-off versus Steven Stamkos in Detroit Red Wings zone.
15:14 of 1st period - Snap shot by Nick Suzuki.
15:14 of 1st period - Stopped by Calvin Pickard with a rebound.
15:16 of 1st period - Snap shot by Nick Suzuki.
15:16 of 1st period - Stopped by Calvin Pickard without a rebound.
15:17 of 1st period - Nick Suzuki wins face-off versus Steven Stamkos in Detroit Red Wings zone.
15:18 of 1st period - Snap shot by Joshua Norris.
15:18 of 1st period - Shot Blocked by Jared McCann.
15:20 of 1st period - Slapshot by Alec Martinez.
15:20 of 1st period - Stopped by Calvin Pickard without a rebound.
15:21 of 1st period - Anthony Cirelli wins face-off versus Steven Stamkos in Detroit Red Wings zone.
15:49 of 1st period - Carter Verhaeghe is hit by Ryan McDonagh and loses puck.
15:58 of 1st period - Slapshot by Charlie McAvoy.
15:58 of 1st period - Deflect By Tomas Tatar.
15:58 of 1st period - Shot Blocked by Matthew Boldy.
15:58 of 1st period - Puck is out of play.
15:59 of 1st period - Steven Stamkos wins face-off versus Morgan Frost in Detroit Red Wings zone.
15:59 of 1st period - Steven Stamkos is hit by T.J. Oshie.
16:31 of 1st period - Wrist shot by Anthony Cirelli.
16:31 of 1st period - Shot Misses the Net.
16:56 of 1st period - Slapshot by MacKenzie Weegar.
16:56 of 1st period - Shot Blocked by Tomas Tatar.
16:58 of 1st period - Slapshot by Christian Fischer.
16:58 of 1st period - Deflect By Daniel Sprong.
16:58 of 1st period - Shot Misses the Net.
16:58 of 1st period - Puck is out of play.
16:59 of 1st period - Morgan Frost wins face-off versus Steven Stamkos in Hartford Whalers zone.
17:24 of 1st period - Philippe Myers is hit by Tomas Tatar and loses puck.
17:31 of 1st period - Snap shot by Tomas Tatar.
17:31 of 1st period - Stopped by Calvin Pickard without a rebound.
17:32 of 1st period - Steven Stamkos wins face-off versus Nick Suzuki in Detroit Red Wings zone.
17:34 of 1st period - Icing by Jared McCann.
17:35 of 1st period - Nick Suzuki wins face-off versus Steven Stamkos in Detroit Red Wings zone.
17:49 of 1st period - Snap shot by Jared McCann.
17:49 of 1st period - Shot Blocked by Ryan Suter.
17:51 of 1st period - Wrist shot by Steven Stamkos.
17:51 of 1st period - Shot Misses the Net.
18:01 of 1st period - Snap shot by Daniel Sprong.
18:01 of 1st period - Shot Blocked by Nick Suzuki.
18:03 of 1st period - Snap shot by Zach Bogosian.
18:03 of 1st period - Stopped by Anton Forsberg without a rebound.
18:04 of 1st period - Raphael Lavoie wins face-off versus Josh Anderson in Hartford Whalers zone.
18:15 of 1st period - Slapshot by MacKenzie Weegar.
18:15 of 1st period - Shot Blocked by Josh Anderson.
18:15 of 1st period - Josh Anderson from Hartford Whalers is injured at 18:15 of 1st period (Right Leg).
18:16 of 1st period - Mika Zibanejad wins face-off versus Taylor Hall in Hartford Whalers zone.
18:23 of 1st period - Snap shot by Mika Zibanejad.
18:23 of 1st period - Shot Blocked by Charlie McAvoy.
18:26 of 1st period - Icing by Kaapo Kakko.
18:27 of 1st period - Steven Stamkos wins face-off versus Tomas Tatar in Hartford Whalers zone.
18:30 of 1st period - Wrist shot by Jared McCann.
18:30 of 1st period - Shot Misses the Net.
18:32 of 1st period - Snap shot by Shayne Gostisbehere.
18:32 of 1st period - Stopped by Anton Forsberg with a rebound.
18:34 of 1st period - Wrist shot by Patrick Kane.
18:34 of 1st period - Goal by Patrick Kane - Detroit Red Wings : 1 - Hartford Whalers : 2.
18:35 of 1st period - Mika Zibanejad wins face-off versus Taylor Hall in neutral zone.
19:03 of 1st period - Icing by Morgan Frost.
19:04 of 1st period - Morgan Frost wins face-off versus Steven Stamkos in Hartford Whalers zone.
19:35 of 1st period - Snap shot by Mika Zibanejad.
19:35 of 1st period - Shot Blocked by Charlie McAvoy.
19:37 of 1st period - Slapshot by Shayne Gostisbehere.
19:37 of 1st period - Deflect By Matthew Boldy.
19:37 of 1st period - Goal by Matthew Boldy - Detroit Red Wings : 2 - Hartford Whalers : 2.
19:38 of 1st period - Nick Suzuki wins face-off versus Steven Stamkos in neutral zone.
19:42 of 1st period - Icing by Shayne Gostisbehere.
19:43 of 1st period - Steven Stamkos wins face-off versus Nick Suzuki in Detroit Red Wings zone.
Goals for this period are 2 for Detroit Red Wings vs 2 for Hartford Whalers.
Shots for this period are 12 for Detroit Red Wings vs 14 for Hartford Whalers.
2nd period
0:01 of 2nd period - Taylor Hall wins face-off versus Mika Zibanejad in neutral zone.
0:05 of 2nd period - Slapshot by Ryan McDonagh.
0:05 of 2nd period - Shot Blocked by Carter Verhaeghe.
0:07 of 2nd period - Slapshot by Tomas Tatar.
0:07 of 2nd period - Shot Misses the Net.
0:09 of 2nd period - Snap shot by Kaapo Kakko.
0:09 of 2nd period - Shot Misses the Net.
0:13 of 2nd period - Snap shot by Tomas Tatar.
0:13 of 2nd period - Stopped by Calvin Pickard with a rebound.
0:15 of 2nd period - Snap shot by Charlie McAvoy.
0:15 of 2nd period - Stopped by Calvin Pickard without a rebound.
0:16 of 2nd period - Morgan Frost wins face-off versus Steven Stamkos in Detroit Red Wings zone.
1:15 of 2nd period - Wrist shot by Carter Verhaeghe.
1:15 of 2nd period - Stopped by Anton Forsberg without a rebound.
1:16 of 2nd period - Steven Stamkos wins face-off versus Nick Suzuki in Hartford Whalers zone.
1:17 of 2nd period - Snap shot by Jared McCann.
1:17 of 2nd period - Stopped by Anton Forsberg with a rebound.
1:45 of 2nd period - Backhand shot by Morgan Frost.
1:45 of 2nd period - Shot Misses the Net.
1:47 of 2nd period - Slapshot by Morgan Frost.
1:47 of 2nd period - Shot Misses the Net.
2:21 of 2nd period - Zachary Werenski is hit by Ryan McDonagh and loses puck.
2:38 of 2nd period - Slapshot by Zachary Werenski.
2:38 of 2nd period - Deflect By Charlie McAvoy.
2:38 of 2nd period - Stopped by Anton Forsberg without a rebound.
2:39 of 2nd period - Mika Zibanejad wins face-off versus Morgan Frost in Hartford Whalers zone.
3:30 of 2nd period - Snap shot by Daniel Sprong.
3:30 of 2nd period - Shot Misses the Net.
4:52 of 2nd period - Off-side.
4:53 of 2nd period - Mika Zibanejad wins face-off versus Taylor Hall in neutral zone.
4:58 of 2nd period - Slapshot by Matthew Boldy.
4:58 of 2nd period - Deflect By Charlie McAvoy.
4:58 of 2nd period - Stopped by Anton Forsberg with a rebound.
5:22 of 2nd period - Slapshot by Steven Stamkos.
5:22 of 2nd period - Shot Blocked by Charlie McAvoy.
6:23 of 2nd period - Slapshot by Morgan Frost.
6:23 of 2nd period - Stopped by Calvin Pickard with a rebound.
6:25 of 2nd period - Snap shot by T.J. Oshie.
6:25 of 2nd period - Shot Blocked by MacKenzie Weegar.
6:49 of 2nd period - Icing by Jared McCann.
6:50 of 2nd period - Nick Suzuki wins face-off versus Raphael Lavoie in Detroit Red Wings zone.
7:01 of 2nd period - Slapshot by Joshua Norris.
7:01 of 2nd period - Shot Blocked by Zach Bogosian.
7:03 of 2nd period - Snap shot by Nick Suzuki.
7:03 of 2nd period - Shot Blocked by Zach Bogosian.
7:05 of 2nd period - Snap shot by Joshua Norris.
7:05 of 2nd period - Stopped by Calvin Pickard without a rebound.
7:06 of 2nd period - Steven Stamkos wins face-off versus Taylor Hall in Detroit Red Wings zone.
8:13 of 2nd period - Lukas Reichel is hit by Kevin Stenlund and loses puck.
8:18 of 2nd period - Snap shot by Zachary Werenski.
8:18 of 2nd period - Shot Blocked by Alec Martinez.
8:20 of 2nd period - Slapshot by MacKenzie Weegar.
8:20 of 2nd period - Stopped by Anton Forsberg without a rebound.
8:21 of 2nd period - Nick Suzuki wins face-off versus Mika Zibanejad in Hartford Whalers zone.
8:40 of 2nd period - Minor Penalty to Nick Suzuki for Holding.
8:41 of 2nd period - Mika Zibanejad wins face-off versus Taylor Hall in Hartford Whalers zone.
8:44 of 2nd period - Snap shot by Mika Zibanejad.
8:44 of 2nd period - Shot Misses the Net.
8:46 of 2nd period - Wrist shot by Carter Verhaeghe.
8:46 of 2nd period - Shot Misses the Net.
8:48 of 2nd period - Snap shot by Shayne Gostisbehere.
8:48 of 2nd period - Stopped by Anton Forsberg with a rebound.
8:50 of 2nd period - Snap shot by Matthew Boldy.
8:50 of 2nd period - Stopped by Anton Forsberg with a rebound.
8:52 of 2nd period - Snap shot by Carter Verhaeghe.
8:52 of 2nd period - Deflect By Morgan Frost.
8:52 of 2nd period - Goal by Carter Verhaeghe - Detroit Red Wings : 3 - Hartford Whalers : 2.
8:53 of 2nd period - Steven Stamkos wins face-off versus Taylor Hall in neutral zone.
9:14 of 2nd period - Ryan McDonagh is hit by Patrick Kane and loses puck.
10:02 of 2nd period - Icing by Charlie McAvoy.
10:03 of 2nd period - Mika Zibanejad wins face-off versus Tomas Tatar in Hartford Whalers zone.
10:04 of 2nd period - Wrist shot by Matthew Boldy.
10:04 of 2nd period - Stopped by Anton Forsberg with a rebound.
10:08 of 2nd period - Slapshot by Mika Zibanejad.
10:08 of 2nd period - Shot Misses the Net.
10:36 of 2nd period - Snap shot by Morgan Frost.
10:36 of 2nd period - Stopped by Calvin Pickard without a rebound.
10:37 of 2nd period - Raphael Lavoie wins face-off versus Anthony Cirelli in Detroit Red Wings zone.
11:58 of 2nd period - Icing by Zach Bogosian.
11:59 of 2nd period - Raphael Lavoie wins face-off versus Morgan Frost in Detroit Red Wings zone.
12:29 of 2nd period - Minor Penalty to Anthony Cirelli for Roughing.
12:30 of 2nd period - Nick Suzuki wins face-off versus Mika Zibanejad in Hartford Whalers zone.
12:46 of 2nd period - Wrist shot by Taylor Hall.
12:46 of 2nd period - Stopped by Calvin Pickard with a rebound.
12:58 of 2nd period - Zachary Werenski is hit by Charlie McAvoy and loses puck.
13:05 of 2nd period - Slapshot by MacKenzie Weegar.
13:05 of 2nd period - Stopped by Anton Forsberg with a rebound.
13:32 of 2nd period - Off-side.
13:33 of 2nd period - Kaapo Kakko wins face-off versus Mika Zibanejad in neutral zone.
14:24 of 2nd period - Zachary Werenski is hit by Ryan McDonagh and loses puck.
14:29 of 2nd period - Penalty to Anthony Cirelli is over, Anthony Cirelli is back on ice.
14:53 of 2nd period - Slapshot by Zachary Werenski.
14:53 of 2nd period - Shot Blocked by T.J. Oshie.
15:18 of 2nd period - Wrist shot by Nick Suzuki.
15:18 of 2nd period - Stopped by Calvin Pickard without a rebound.
15:19 of 2nd period - Mika Zibanejad wins face-off versus Nick Suzuki in Detroit Red Wings zone.
15:52 of 2nd period - Wrist shot by Anthony Cirelli.
15:52 of 2nd period - Shot Misses the Net.
15:56 of 2nd period - Snap shot by Anthony Cirelli.
15:56 of 2nd period - Shot Blocked by Shayne Gostisbehere.
16:01 of 2nd period - Minor Penalty to Zach Bogosian for Tripping.
16:02 of 2nd period - Joshua Norris wins face-off versus Kevin Stenlund in Detroit Red Wings zone.
18:01 of 2nd period - Penalty to Zach Bogosian is over, Zach Bogosian is back on ice.
18:04 of 2nd period - Wrist shot by Miles Wood.
18:04 of 2nd period - Stopped by Calvin Pickard with a rebound.
18:20 of 2nd period - Backhand shot by Mika Zibanejad.
18:20 of 2nd period - Stopped by Anton Forsberg with a rebound.
18:44 of 2nd period - Snap shot by Steven Stamkos.
18:44 of 2nd period - Stopped by Anton Forsberg with a rebound.
18:46 of 2nd period - Slapshot by Zachary Werenski.
18:46 of 2nd period - Shot Misses the Net.
18:48 of 2nd period - Slapshot by MacKenzie Weegar.
18:48 of 2nd period - Shot Hit the Post.
18:50 of 2nd period - Slapshot by Steven Stamkos.
18:50 of 2nd period - Shot Hit the Post.
18:52 of 2nd period - Slapshot by MacKenzie Weegar.
18:52 of 2nd period - Stopped by Anton Forsberg without a rebound.
18:53 of 2nd period - Anthony Cirelli wins face-off versus Raphael Lavoie in Hartford Whalers zone.
Goals for this period are 1 for Detroit Red Wings vs 0 for Hartford Whalers.
Shots for this period are 13 for Detroit Red Wings vs 8 for Hartford Whalers.
3rd period
0:01 of 3rd period - Nick Suzuki wins face-off versus Mika Zibanejad in neutral zone.
0:59 of 3rd period - Minor Penalty to Keegan Kolesar for Hooking.
1:00 of 3rd period - Kevin Stenlund wins face-off versus Joshua Norris in Detroit Red Wings zone.
1:22 of 3rd period - Kevin Stenlund is hit by Charlie McAvoy and loses puck.
1:45 of 3rd period - Snap shot by Jared McCann.
1:45 of 3rd period - Shot Misses the Net.
2:11 of 3rd period - Kevin Stenlund is hit by Morgan Frost and loses puck.
2:59 of 3rd period - Penalty to Keegan Kolesar is over, Keegan Kolesar is back on ice.
3:01 of 3rd period - Charlie McAvoy is hit by Jared McCann and loses puck.
3:22 of 3rd period - Snap shot by Matthew Coronato.
3:22 of 3rd period - Shot Misses the Net.
4:33 of 3rd period - Minor Penalty to Brendan Gallagher for Holding.
4:34 of 3rd period - Joshua Norris wins face-off versus Jared McCann in Detroit Red Wings zone.
4:37 of 3rd period - Snap shot by Kaapo Kakko.
4:37 of 3rd period - Stopped by Calvin Pickard with a rebound.
4:39 of 3rd period - Slapshot by Ryan Suter.
4:39 of 3rd period - Stopped by Calvin Pickard without a rebound.
4:40 of 3rd period - Joshua Norris wins face-off versus Mika Zibanejad in Detroit Red Wings zone.
4:41 of 3rd period - Wrist shot by Tomas Tatar.
4:41 of 3rd period - Stopped by Calvin Pickard with a rebound.
4:43 of 3rd period - Wrist shot by Joshua Norris.
4:43 of 3rd period - Stopped by Calvin Pickard with a rebound.
4:45 of 3rd period - Snap shot by Tomas Tatar.
4:45 of 3rd period - Stopped by Calvin Pickard without a rebound.
4:46 of 3rd period - Nick Suzuki wins face-off versus Mika Zibanejad in Detroit Red Wings zone.
5:15 of 3rd period - Charlie McAvoy is hit by Kevin Stenlund.
5:53 of 3rd period - Snap shot by Joshua Norris.
5:53 of 3rd period - Goal by Joshua Norris - Detroit Red Wings : 3 - Hartford Whalers : 3.
5:54 of 3rd period - Mika Zibanejad wins face-off versus Morgan Frost in neutral zone.
6:19 of 3rd period - Taylor Hall is hit by Steven Stamkos and loses puck.
6:24 of 3rd period - Slapshot by Patrick Kane.
6:24 of 3rd period - Stopped by Anton Forsberg with a rebound.
6:35 of 3rd period - Minor Penalty to MacKenzie Weegar for Slashing.
6:36 of 3rd period - Mika Zibanejad wins face-off versus Nick Suzuki in Detroit Red Wings zone.
6:45 of 3rd period - Ryan McDonagh is hit by Mika Zibanejad and loses puck.
7:02 of 3rd period - Mika Zibanejad is hit by Charlie McAvoy and loses puck.
7:11 of 3rd period - Snap shot by Kaapo Kakko.
7:11 of 3rd period - Shot Misses the Net.
7:21 of 3rd period - Wrist shot by Kevin Stenlund.
7:21 of 3rd period - Stopped by Anton Forsberg with a rebound.
7:23 of 3rd period - Slapshot by Kevin Stenlund.
7:23 of 3rd period - Goal by Kevin Stenlund - Detroit Red Wings : 4 - Hartford Whalers : 3.
7:24 of 3rd period - Nick Suzuki wins face-off versus Kevin Stenlund in neutral zone.
7:51 of 3rd period - Jared McCann is hit by Tomas Tatar and loses puck.
8:35 of 3rd period - Penalty to MacKenzie Weegar is over, MacKenzie Weegar is back on ice.
8:50 of 3rd period - Snap shot by Christian Fischer.
8:50 of 3rd period - Shot Misses the Net.
9:40 of 3rd period - Snap shot by Steven Stamkos.
9:40 of 3rd period - Stopped by Anton Forsberg without a rebound.
9:41 of 3rd period - Anthony Cirelli wins face-off versus Jared McCann in Hartford Whalers zone.
10:04 of 3rd period - Snap shot by Morgan Frost.
10:04 of 3rd period - Shot Misses the Net.
10:06 of 3rd period - Snap shot by Miles Wood.
10:06 of 3rd period - Stopped by Calvin Pickard without a rebound.
10:07 of 3rd period - Mika Zibanejad wins face-off versus Miles Wood in Detroit Red Wings zone.
10:58 of 3rd period - Christian Fischer is hit by Ryan McDonagh and loses puck.
11:07 of 3rd period - Snap shot by Kaapo Kakko.
11:07 of 3rd period - Stopped by Calvin Pickard without a rebound.
11:08 of 3rd period - Nick Suzuki wins face-off versus Mika Zibanejad in Detroit Red Wings zone.
11:37 of 3rd period - Slapshot by Tomas Tatar.
11:37 of 3rd period - Deflect By Taylor Hall.
11:37 of 3rd period - Shot Hit the Post.
11:37 of 3rd period - Puck is out of play.
11:38 of 3rd period - Taylor Hall wins face-off versus Steven Stamkos in Detroit Red Wings zone.
12:01 of 3rd period - Snap shot by Tomas Tatar.
12:01 of 3rd period - Shot Blocked by Patrick Kane.
12:03 of 3rd period - Wrist shot by Taylor Hall.
12:03 of 3rd period - Stopped by Calvin Pickard without a rebound.
12:04 of 3rd period - Carter Verhaeghe wins face-off versus Joshua Norris in Detroit Red Wings zone.
12:09 of 3rd period - Wrist shot by Matthew Boldy.
12:09 of 3rd period - Stopped by Anton Forsberg with a rebound.
12:11 of 3rd period - Slapshot by Carter Verhaeghe.
12:11 of 3rd period - Shot Misses the Net.
12:13 of 3rd period - Slapshot by Mika Zibanejad.
12:13 of 3rd period - Deflect By Carter Verhaeghe.
12:13 of 3rd period - Shot Blocked by Ryan Suter.
12:13 of 3rd period - Puck is out of play.
12:14 of 3rd period - Nick Suzuki wins face-off versus Mika Zibanejad in Hartford Whalers zone.
12:14 of 3rd period - Nick Suzuki is hit by Zach Bogosian.
12:55 of 3rd period - Wrist shot by Mika Zibanejad.
12:55 of 3rd period - Stopped by Anton Forsberg without a rebound.
12:56 of 3rd period - Steven Stamkos wins face-off versus Morgan Frost in Hartford Whalers zone.
13:42 of 3rd period - Snap shot by Patrick Kane.
13:42 of 3rd period - Shot Misses the Net.
13:44 of 3rd period - Snap shot by Zachary Werenski.
13:44 of 3rd period - Deflect By Steven Stamkos.
13:44 of 3rd period - Shot Misses the Net.
13:44 of 3rd period - Puck is out of play.
13:45 of 3rd period - Mika Zibanejad wins face-off versus Nick Suzuki in Hartford Whalers zone.
13:46 of 3rd period - Backhand shot by Carter Verhaeghe.
13:46 of 3rd period - Stopped by Anton Forsberg without a rebound.
13:47 of 3rd period - Nick Suzuki wins face-off versus Mika Zibanejad in Hartford Whalers zone.
13:52 of 3rd period - Snap shot by Charlie McAvoy.
13:52 of 3rd period - Stopped by Calvin Pickard with a rebound.
13:58 of 3rd period - Zach Bogosian is hit by Nick Suzuki and loses puck.
14:17 of 3rd period - Wrist shot by Miles Wood.
14:17 of 3rd period - Shot Misses the Net.
14:19 of 3rd period - Wrist shot by T.J. Oshie.
14:19 of 3rd period - Shot Blocked by Shayne Gostisbehere.
14:21 of 3rd period - Slapshot by Morgan Frost.
14:21 of 3rd period - Shot Misses the Net.
14:23 of 3rd period - Slapshot by Ryan McDonagh.
14:23 of 3rd period - Shot Blocked by Christian Fischer.
14:55 of 3rd period - Backhand shot by Zach Bogosian.
14:55 of 3rd period - Shot Misses the Net.
15:17 of 3rd period - Slapshot by Alec Martinez.
15:17 of 3rd period - Deflect By Morgan Frost.
15:17 of 3rd period - Stopped by Calvin Pickard with a rebound.
16:13 of 3rd period - Backhand shot by Ryan Suter.
16:13 of 3rd period - Stopped by Calvin Pickard with a rebound.
16:29 of 3rd period - Wrist shot by T.J. Oshie.
16:29 of 3rd period - Stopped by Calvin Pickard with a rebound.
16:31 of 3rd period - Wrist shot by Miles Wood.
16:31 of 3rd period - Stopped by Calvin Pickard without a rebound.
16:32 of 3rd period - Mika Zibanejad wins face-off versus Taylor Hall in Detroit Red Wings zone.
17:01 of 3rd period - Off-side.
17:02 of 3rd period - Steven Stamkos wins face-off versus Taylor Hall in neutral zone.
17:31 of 3rd period - Zachary Werenski is hit by Anthony Cirelli and loses puck.
18:41 of 3rd period - Hartford Whalers, Anton Forsberg is pulled from the net.
18:49 of 3rd period - Wrist shot by Anthony Cirelli.
18:49 of 3rd period - Goal by Anthony Cirelli - Detroit Red Wings : 4 - Hartford Whalers : 4.
18:49 of 3rd period - Anton Forsberg from Hartford Whalers was sent back in the game.
18:50 of 3rd period - Daniel Sprong wins face-off versus Taylor Hall in neutral zone.
19:29 of 3rd period - Slapshot by Charlie McAvoy.
19:29 of 3rd period - Shot Misses the Net.
19:31 of 3rd period - Snap shot by Tomas Tatar.
19:31 of 3rd period - Stopped by Calvin Pickard with a rebound.
19:33 of 3rd period - Snap shot by Tomas Tatar.
19:33 of 3rd period - Stopped by Calvin Pickard without a rebound.
19:34 of 3rd period - Morgan Frost wins face-off versus Raphael Lavoie in Detroit Red Wings zone.
19:41 of 3rd period - Wrist shot by Miles Wood.
19:41 of 3rd period - Deflect By T.J. Oshie.
19:41 of 3rd period - Deflect By MacKenzie Weegar.
19:41 of 3rd period - Shot Misses the Net.
19:41 of 3rd period - Puck is out of play.
19:42 of 3rd period - Raphael Lavoie wins face-off versus Morgan Frost in Detroit Red Wings zone.
19:57 of 3rd period - Slapshot by T.J. Oshie.
19:57 of 3rd period - Shot Misses the Net.
Goals for this period are 1 for Detroit Red Wings vs 2 for Hartford Whalers.
Shots for this period are 7 for Detroit Red Wings vs 17 for Hartford Whalers.
Overtime #1
0:01 of 1st overtime period - Nick Suzuki wins face-off versus Mika Zibanejad in neutral zone.
0:04 of 1st overtime period - Slapshot by Ryan McDonagh.
0:04 of 1st overtime period - Stopped by Calvin Pickard with a rebound.
0:06 of 1st overtime period - Snap shot by Anthony Cirelli.
0:06 of 1st overtime period - Stopped by Calvin Pickard with a rebound.
0:12 of 1st overtime period - Slapshot by Nick Suzuki.
0:12 of 1st overtime period - Stopped by Calvin Pickard with a rebound.
0:14 of 1st overtime period - Wrist shot by Nick Suzuki.
0:14 of 1st overtime period - Stopped by Calvin Pickard with a rebound.
0:16 of 1st overtime period - Slapshot by Anthony Cirelli.
0:16 of 1st overtime period - Stopped by Calvin Pickard with a rebound.
0:26 of 1st overtime period - MacKenzie Weegar is hit by Ryan McDonagh and loses puck.
0:33 of 1st overtime period - Snap shot by Morgan Frost.
0:33 of 1st overtime period - Stopped by Calvin Pickard without a rebound.
0:34 of 1st overtime period - Joshua Norris wins face-off versus Mika Zibanejad in Detroit Red Wings zone.
0:41 of 1st overtime period - Snap shot by Joshua Norris.
0:41 of 1st overtime period - Stopped by Calvin Pickard with a rebound.
1:29 of 1st overtime period - Ryan McDonagh is hit by MacKenzie Weegar and loses puck.
1:36 of 1st overtime period - Snap shot by Christian Fischer.
1:36 of 1st overtime period - Stopped by Anton Forsberg with a rebound.
1:38 of 1st overtime period - Snap shot by Raphael Lavoie.
1:38 of 1st overtime period - Goal by Raphael Lavoie - Detroit Red Wings : 5 - Hartford Whalers : 4.
Goals for this period are 1 for Detroit Red Wings vs 0 for Hartford Whalers.
Shots for this period are 2 for Detroit Red Wings vs 7 for Hartford Whalers.
Back to the Top